IL
TACOMA RAINIERS @ COLUMBUS CLIPPERS
08/17/2048
 
TOP OF THE 1ST
Tacoma Rainiers batting - Pitching for Columbus Clippers : LHP Heath Ryland
Pitching: LHP Heath Ryland
Batting: RHB Rick Ellis 0-0: Called Strike
0-1: Called Strike
0-2: Ball
1-2: SINGLE (Line Drive, 9S, EV 86.9 MPH)
Batting: RHB Enrique Valdez 0-0: Called Strike
0-1: Ball
1-1: Swinging Strike
1-2: Strikes out swinging
Batting: RHB Brad Robidas 0-0: Fly out, F4 (Line Drive, 4, EV 70.0 MPH)
Batting: RHB Max Schellekens 0-0: Ball
1-0: Foul Ball, location: 2F
1-1: Foul Ball, location: 2F
1-2: DOUBLE (Line Drive, 7LS, EV 97.5 MPH)
Rick Ellis to third
Runner from 3rd tries for Home, SAFE, no throw by LF
Batting: SHB Ray Skogen 0-0: Ball
1-0: Called Strike
1-1: Ground out 5-3 (Groundball, 5, EV 109.4 MPH)
Top of the 1st over - 1 run, 2 hits, 0 errors, 1 left on base; Tacoma 1 - Columbus 0
BOTTOM OF THE 1ST
Columbus Clippers batting - Pitching for Tacoma Rainiers : RHP Justin Lee
Pitching: RHP Justin Lee
Batting: LHB Jesus Lozano 0-0: Ball
1-0: Foul Ball, location: 2F
1-1: Ball
2-1: Foul Ball, location: 2F
2-2: Foul Ball, location: 2F
2-2: Ball
3-2: SINGLE (Line Drive, 4MD, EV 96.2 MPH)
Batting: SHB Scott Scott 0-0: Called Strike
0-1: Ball
1-1: Foul Ball, location: 2F
1-2: Foul Ball, location: 2F
1-2: Ball
2-2: Foul Ball, location: 2F
2-2: Fly out, F8 (Flyball, 8LD, EV 81.2 MPH)
Batting: LHB Robert Watson 0-0: Ball
1-0: Ball
2-0: Ball
3-0: Called Strike
3-1: Swinging Strike
3-2: Fly out, F9 (Line Drive, 89M, EV 92.5 MPH)
Batting: LHB Corey Trevor 0-0: Called Strike
0-1: Called Strike
0-2: DOUBLE (Line Drive, 5D, EV 98.1 MPH)
Jesus Lozano to third
Runner from 3rd tries for Home, SAFE, throw by LF to trailing runner, SAFE at third!
Batting: RHB Stephen Charbonneau 0-0: Ball
1-0: Called Strike
1-1: Ball
2-1: Swinging Strike
2-2: Foul Ball, location: 2F
2-2: Foul Ball, location: 2F
2-2: Strikes out swinging
Bottom of the 1st over - 1 run, 2 hits, 0 errors, 1 left on base; Tacoma 1 - Columbus 1
TOP OF THE 2ND
Tacoma Rainiers batting - Pitching for Columbus Clippers : LHP Heath Ryland
Batting: RHB Steve Martin 0-0: Ball
1-0: Swinging Strike
1-1: Ball
2-1: Ground out 5-3 (Groundball, 56, EV 100.0 MPH)
Batting: RHB Jeff Cox 0-0: Called Strike
0-1: Swinging Strike
0-2: Ground out 4-3 (Groundball, 4, EV 83.8 MPH)
Batting: LHB Ryan Lowe 0-0: Ball
1-0: Fly out, F8 (Flyball, 8RD, EV 88.8 MPH)
Top of the 2nd over - 0 runs, 0 hits, 0 errors, 0 left on base; Tacoma 1 - Columbus 1
BOTTOM OF THE 2ND
Columbus Clippers batting - Pitching for Tacoma Rainiers : RHP Justin Lee
Batting: RHB Eddie LaRose 0-0: Ball
1-0: Fly out, F9 (Flyball, 89M, EV 90.0 MPH)
Batting: RHB Solange Le Coq 0-0: SINGLE (Flyball, 4MD, EV 95.6 MPH)
Batting: RHB Chang-wei Jiang 0-0: Ball
1-0: Called Strike
1-1: Foul Ball, location: 2F
1-2: Fielders Choice at 2nd, 6-4 (Groundball, 6, EV 81.2 MPH)
Batting: SHB Dan Hill 0-0: Ball
1-0: Ball
2-0: Called Strike
2-1: Foul Ball, location: 2F
2-2: Foul Ball, location: 2F
2-2: Ground out 6-3 (Groundball, 6, EV 86.9 MPH)
Bottom of the 2nd over - 0 runs, 1 hit, 0 errors, 1 left on base; Tacoma 1 - Columbus 1
TOP OF THE 3RD
Tacoma Rainiers batting - Pitching for Columbus Clippers : LHP Heath Ryland
Batting: RHB Kagetoki Kawai 0-0: Called Strike
0-1: Ball
1-1: Ball
2-1: Called Strike
2-2: Strikes out swinging
Batting: RHB Rick Ellis 0-0: Ball
1-0: Hit by Pitch
Batting: RHB Enrique Valdez 0-0: Swinging Strike
0-1: Foul Ball, location: 2F
0-2: Strikes out swinging
Batting: RHB Brad Robidas 0-0: SINGLE (Groundball, 6MS, EV 68.1 MPH) (infield hit)
Rick Ellis to second
Batting: RHB Max Schellekens 0-0: Ball
1-0: Ball
2-0: Fielders Choice at 2nd, U6 (Groundball, 6M, EV 86.2 MPH)
Top of the 3rd over - 0 runs, 1 hit, 0 errors, 2 left on base; Tacoma 1 - Columbus 1
BOTTOM OF THE 3RD
Columbus Clippers batting - Pitching for Tacoma Rainiers : RHP Justin Lee
Batting: LHB Jesus Lozano 0-0: Ball
1-0: Ball
2-0: Ball
3-0: Base on Balls
Batting: SHB Scott Scott 0-0: Called Strike
0-1: SINGLE (Line Drive, 78M, EV 93.1 MPH)
Jesus Lozano to second
Batting: LHB Robert Watson 0-0: Called Strike
0-1: Grounds into double play, U6-3 (Groundball, 4M, EV 87.5 MPH)
Jesus Lozano to third
Batting: LHB Corey Trevor 0-0: Foul Ball, location: 2F
0-1: Foul Ball, location: 2F
0-2: Foul Ball, location: 2F
0-2: Foul Ball, location: 2F
0-2: Ball
1-2: Ball
2-2: Ball
3-2: Fly out, F6 (Flyball, 6D, EV 88.8 MPH)
Bottom of the 3rd over - 0 runs, 1 hit, 0 errors, 1 left on base; Tacoma 1 - Columbus 1
TOP OF THE 4TH
Tacoma Rainiers batting - Pitching for Columbus Clippers : LHP Heath Ryland
Batting: SHB Ray Skogen 0-0: Ball
1-0: Called Strike
1-1: SINGLE (Line Drive, 7S, EV 92.5 MPH)
Batting: RHB Steve Martin 0-0: Foul Ball, location: 2F
0-1: Grounds into double play, 6-4-3 (Groundball, 6, EV 83.8 MPH)
Batting: RHB Jeff Cox 0-0: Ball
1-0: Swinging Strike
1-1: DOUBLE (Groundball, 3L, EV 103.1 MPH)
Batting: LHB Ryan Lowe 0-0: Foul Ball, location: 2F
0-1: Swinging Strike
0-2: Ground out 4-3 (Groundball, 4, EV 102.5 MPH)
Top of the 4th over - 0 runs, 2 hits, 0 errors, 1 left on base; Tacoma 1 - Columbus 1
BOTTOM OF THE 4TH
Columbus Clippers batting - Pitching for Tacoma Rainiers : RHP Justin Lee
Batting: RHB Stephen Charbonneau 0-0: Ball
1-0: Ground out 6-3 (Groundball, 6, EV 88.8 MPH)
Batting: RHB Eddie LaRose 0-0: Called Strike
0-1: Swinging Strike
0-2: Ball
1-2: Fly out, F9 (Flyball, 9LM, EV 83.8 MPH)
Batting: RHB Solange Le Coq 0-0: Ball
1-0: Ball
2-0: Ball
3-0: Called Strike
3-1: SINGLE (Groundball, 13S, EV 65.0 MPH) (infield hit)
Batting: RHB Chang-wei Jiang 0-0: Swinging Strike
0-1: Ball
1-1: Ball
2-1: Foul Ball, location: 2F
2-2: Foul Ball, location: 2F
2-2: Ball
3-2: Foul Ball, location: 2F
3-2: SINGLE (Groundball, 34D, EV 100.0 MPH)
Solange Le Coq to second
Solange Le Coq to third
Batting: SHB Dan Hill 0-0: Ball
Wild Pitch!
Solange Le Coq scores
Chang-wei Jiang to second
1-0: Called Strike
Chang-wei Jiang steals 3rd base
1-1: SINGLE (Groundball, 34D, EV 98.1 MPH)
Chang-wei Jiang scores
Batting: LHB Jesus Lozano 0-0: Called Strike
0-1: Ground out 4-3 (Groundball, 4S, EV 86.9 MPH)
Bottom of the 4th over - 2 runs, 3 hits, 0 errors, 1 left on base; Tacoma 1 - Columbus 3
TOP OF THE 5TH
Tacoma Rainiers batting - Pitching for Columbus Clippers : LHP Heath Ryland
Batting: RHB Kagetoki Kawai 0-0: Called Strike
0-1: Called Strike
0-2: Ball
1-2: Strikes out swinging
Batting: RHB Rick Ellis 0-0: Ball
1-0: Called Strike
1-1: Ball
2-1: Foul Ball, location: 2F
2-2: Fly out, F9 (Flyball, 9D, EV 90.6 MPH)
Batting: RHB Enrique Valdez 0-0: Ball
1-0: Called Strike
1-1: Ground out U3 (Groundball, 3, EV 100.0 MPH)
Top of the 5th over - 0 runs, 0 hits, 0 errors, 0 left on base; Tacoma 1 - Columbus 3
BOTTOM OF THE 5TH
Columbus Clippers batting - Pitching for Tacoma Rainiers : RHP Justin Lee
Batting: SHB Scott Scott 0-0: Ball
1-0: Fly out, F7 (Line Drive, 7LS, EV 97.5 MPH)
Batting: LHB Robert Watson 0-0: Ball
1-0: Ball
2-0: Called Strike
2-1: Foul Ball, location: 2F
2-2: Ball
3-2: Foul Ball, location: 2F
3-2: Base on Balls
Batting: LHB Corey Trevor Pickoff Play to 1st, Runner tries for 2nd, OUT after rundown.
0-0: Ball
1-0: Ball
2-0: Swinging Strike
2-1: Called Strike
2-2: Fly out, F7 (Line Drive, 7D, EV 97.5 MPH)
Bottom of the 5th over - 0 runs, 0 hits, 0 errors, 0 left on base; Tacoma 1 - Columbus 3
TOP OF THE 6TH
Tacoma Rainiers batting - Pitching for Columbus Clippers : LHP Heath Ryland
Batting: RHB Brad Robidas 0-0: Called Strike
0-1: Ball
1-1: Foul Ball, location: 2F
1-2: Ground out 6-3 (Groundball, 6, EV 82.5 MPH)
Batting: RHB Max Schellekens 0-0: Ground out 6-3 (Groundball, 6MS, EV 70.6 MPH)
Batting: SHB Ray Skogen 0-0: Called Strike
0-1: Foul Ball, location: 2F
0-2: Ball
1-2: Strikes out swinging
Top of the 6th over - 0 runs, 0 hits, 0 errors, 0 left on base; Tacoma 1 - Columbus 3
BOTTOM OF THE 6TH
Columbus Clippers batting - Pitching for Tacoma Rainiers : RHP Justin Lee
Pitching: RHP Bob Gilliam
Batting: RHB Stephen Charbonneau 0-0: Ball
1-0: Ground out 6-3 (Groundball, 6, EV 78.1 MPH)
Batting: RHB Eddie LaRose 0-0: Ball
1-0: Ball
2-0: Called Strike
2-1: Called Strike
2-2: Strikes out swinging
Batting: RHB Solange Le Coq 0-0: Ball
1-0: Ball
2-0: Ball
3-0: Called Strike
3-1: Called Strike
3-2: Base on Balls
Batting: RHB Chang-wei Jiang 0-0: Ball
1-0: Foul Ball, location: 2F
1-1: Ball
Solange Le Coq steals 2nd base
2-1: Foul Ball, location: 2F
2-2: Ball
3-2: SINGLE (Groundball, 56S, EV 64.4 MPH) (infield hit)
Solange Le Coq to third
Batting: SHB Dan Hill 0-0: Ground out U3 (Groundball, 3L, EV 109.4 MPH)
Bottom of the 6th over - 0 runs, 1 hit, 0 errors, 2 left on base; Tacoma 1 - Columbus 3
TOP OF THE 7TH
Tacoma Rainiers batting - Pitching for Columbus Clippers : LHP Heath Ryland
Now at 1B: Scott Scott
Now at 2B: Jason Sher
Batting: RHB Steve Martin 0-0: Called Strike
0-1: Foul Ball, location: 2F
0-2: Strikes out swinging
Batting: RHB Jeff Cox 0-0: Foul Ball, location: 2F
0-1: Called Strike
0-2: Ball
1-2: Ball
2-2: Ball
3-2: Foul Ball, location: 2F
3-2: Foul Ball, location: 2F
3-2: Foul Ball, location: 2F
3-2: Foul Ball, location: 2F
3-2: Base on Balls
Pinch Hitting: RHB Leon Alders 0-0: Foul Ball, location: 2F
0-1: Foul Ball, location: 2F
0-2: Ball
1-2: Strikes out swinging
Batting: RHB Kagetoki Kawai 0-0: Ball
1-0: Called Strike
1-1: Called Strike
1-2: Foul Ball, location: 2F
1-2: Strikes out looking
Top of the 7th over - 0 runs, 0 hits, 0 errors, 1 left on base; Tacoma 1 - Columbus 3
BOTTOM OF THE 7TH
Columbus Clippers batting - Pitching for Tacoma Rainiers : RHP Bob Gilliam
Now at 1B: Leon Alders
Batting: LHB Jesus Lozano 0-0: Ball
1-0: Ball
2-0: Called Strike
2-1: Ball
3-1: Base on Balls
Batting: SHB Scott Scott 0-0: Ball
1-0: Bunted foul
1-1: Bunt missed!
1-2: Foul Ball, location: 2F
1-2: Foul Ball, location: 2F
1-2: Foul Ball, location: 2F
1-2: Strikes out swinging
Batting: LHB Robert Watson 0-0: Ball
1-0: Called Strike
1-1: Foul Ball, location: 2F
1-2: Ball
2-2: Ball
3-2: Base on Balls
Jesus Lozano to second
Batting: LHB Corey Trevor 0-0: Ball
1-0: Called Strike
1-1: Ball
2-1: Fielders Choice at 2nd, 3-6 (Groundball, 3, EV 80.6 MPH)
Jesus Lozano to third
Batting: RHB Stephen Charbonneau 0-0: Fly out, F8 (Flyball, 8LM, EV 88.1 MPH)
Bottom of the 7th over - 0 runs, 0 hits, 0 errors, 2 left on base; Tacoma 1 - Columbus 3
TOP OF THE 8TH
Tacoma Rainiers batting - Pitching for Columbus Clippers : LHP Heath Ryland
Pitching: RHP Nate Souza
Batting: RHB Rick Ellis 0-0: Called Strike
0-1: Ball
1-1: Foul Ball, location: 2F
1-2: Foul Ball, location: 2F
1-2: Strikes out swinging
Pinch Hitting: LHB Josh Pittman 0-0: Ball
1-0: Swinging Strike
1-1: Ball
2-1: Foul Ball, location: 2F
2-2: Ball
3-2: Strikes out swinging
Batting: RHB Brad Robidas 0-0: Ball
1-0: Ball
2-0: Ground out 4-3 (Groundball, 4, EV 87.5 MPH)
Top of the 8th over - 0 runs, 0 hits, 0 errors, 0 left on base; Tacoma 1 - Columbus 3
BOTTOM OF THE 8TH
Columbus Clippers batting - Pitching for Tacoma Rainiers : RHP Bob Gilliam
Pitching: RHP David Lane
Now at 2B: Rick Ellis
Now in LF: Josh Pittman
Now in RF: Kagetoki Kawai
Batting: RHB Jason Sher 0-0: Called Strike
0-1: Ball
1-1: Swinging Strike
1-2: Strikes out swinging
Batting: RHB Solange Le Coq 0-0: Ground out 6-3 (Groundball, 6M, EV 89.4 MPH)
Batting: RHB Chang-wei Jiang 0-0: Ground out 4-3 (Groundball, 4, EV 87.5 MPH)
Bottom of the 8th over - 0 runs, 0 hits, 0 errors, 0 left on base; Tacoma 1 - Columbus 3
TOP OF THE 9TH
Tacoma Rainiers batting - Pitching for Columbus Clippers : RHP Nate Souza
Pitching: RHP Chris Cohen
Batting: RHB Max Schellekens 0-0: Called Strike
0-1: Ball
1-1: Ball
2-1: Called Strike
2-2: DOUBLE (Groundball, 3L, EV 101.2 MPH)
Batting: SHB Ray Skogen 0-0: Foul Ball, location: 2F
0-1: Called Strike
0-2: Ball
1-2: Ball
2-2: Ball
3-2: Base on Balls
Batting: RHB Steve Martin 0-0: Ball
1-0: Sac Bunt to 13S - play at first, batter OUT! 1-4
Max Schellekens to third
Ray Skogen to second
Pinch Hitting: LHB Jawad Fahad 0-0: Foul Ball, location: 2F
0-1: Called Strike
0-2: Foul Ball, location: 2F
0-2: Foul Ball, location: 2F
0-2: Ball
1-2: Strikes out swinging
Batting: RHB Leon Alders 0-0: Ball
1-0: Foul Ball, location: 2F
1-1: Ball
2-1: Ball
3-1: Base on Balls
Pinch Hitting: RHB Zach Downs 0-0: Called Strike
0-1: Foul Ball, location: 2F
0-2: Foul Ball, location: 2F
0-2: Fly out, F8 (Flyball, 8RD, EV 94.4 MPH)
Top of the 9th over - 0 runs, 1 hit, 0 errors, 3 left on base; Tacoma 1 - Columbus 3
Tuesday, March 28th , 2023 - OOTP Baseball 23.10 Build 110